 Dungeon Crawl Stone Soup version 0.23.2 (webtiles) character file.

Game seed: 9219437439581861643

28 cklessthan3 the Sneak (level 3, -5/28 HPs)
             Began as a Naga Enchanter on Apr 11, 2019.
             Slain by a worm (12 damage)
             ... on level 2 of the Dungeon.
             The game lasted 00:02:18 (957 turns).

cklessthan3 the Sneak (Naga Enchanter)               Turns: 957, Time: 00:02:19

Health: -5/28      AC:  2    Str: 11    XL:     3   Next: 14%
Magic:  5/6        EV: 10    Int: 15    God:
Gold:   24         SH:  0    Dex: 11    Spells: 5/6 levels left

rFire    . . .     SeeInvis +   a - +1 dagger
rCold    . . .     Gourm    .   (no shield)
rNeg     . . .     Faith    .   b - +0 robe
rPois    +         Spirit   .   (no helmet)
rElec    .         Reflect  .   (no cloak)
rCorr    .         Harm     .   (no gloves)
MR       .....                  (no barding)
Stlth    +++.......             (no amulet)
HPRegen  0.09/turn              (no ring)
MPRegen  0.10/turn              (no ring)

@: very slow
A: large, see invisible, deformed body, poison resistance, slowness 2, slow
metabolism 1, spit poison 1, AC +1
a: Spit Poison


You were on level 2 of the Dungeon.
You were not hungry.

You visited 1 branch of the dungeon, and saw 2 of its levels.

You collected 24 gold pieces.

Inventory:

Hand Weapons
 a - a +1 dagger (weapon)
Armour
 b - a +0 robe (worn)
 e - a +0 ring mail
Scrolls
 c - a scroll of fear {unknown}
 f - a scroll of identify {unknown}
 j - a scroll of remove curse {unknown}
Potions
 g - a potion of brilliance {unknown}
 h - a potion of cancellation {unknown}
 i - 2 potions of curing {unknown}
Comestibles
 d - 2 rations


   Skills:
 + Level 0.3 Fighting
 + Level 1.4 Short Blades
 + Level 1.9 Dodging
 + Level 4.7 Stealth
 + Level 2.1 Spellcasting
 + Level 3.4 Hexes


You had 5 spell levels left.
You knew the following spells:

 Your Spells              Type           Power        Failure   Level  Hunger
a - Corona                Hex            ##.....      5%          1    #......

Your spell library contained the following spells:

 Spells                   Type           Power        Failure   Level  Hunger
 Ensorcelled Hibernation  Hex/Ice        #.....       16%         2    ###....
 Confuse                  Hex            ##......     16%         3    ###....
 Tukima's Dance           Hex            ##......     16%         3    ###....
 Dazzling Spray           Conj/Hex       #.....       32%         3    ###....


Dungeon Overview and Level Annotations

Branches:
Dungeon (2/15)

Altars:


Innate Abilities, Weirdness & Mutations

You cannot wear boots.
Your serpentine skin is tough. (AC +1)
You have supernaturally acute eyesight. (SInv)
Armour fits poorly on your strangely shaped body.
Your system is resistant to poisons. (rPois)
You cover ground very slowly.
You have a slow metabolism.
You can spit poison.


Message History

Casting: Corona (safe; 5% risk of failure)
Confirm with . or Enter, or press ? or * to list all spells.
Aiming: Corona (safe; 5% risk of failure)
Press: ? - help, Shift-Dir - straight line, f - worm
Aim: a worm (chance to defeat MR: 55%)
The worm struggles to resist.
The worm bites you!
You hit the worm.
The worm is lightly wounded.
The worm bites you.
* * * LOW HITPOINT WARNING * * *
You hit the worm.
The worm is lightly wounded.
A hobgoblin comes into view. It is wielding a +0 quarterstaff.
The hobgoblin shouts!
You hit the worm.
The worm is moderately wounded.
You hear an angry hiss.
An adder comes into view.
The worm bites you!
You die...

.r . .. # #.
.###.# .. #.
..##.# ... #.
#.##.#
.g..##.###.##.#
#.........##.# ..
. #.........##.#
#....
#....w@......#
#.#.#
S..#######.##.#
#.#.# #.<#.# #....
##.#.# #....
#...#.####....
#####...#.........
#.......####...)†.
#.####†>####...#.#
#..............#.#


You could see a worm, an adder, a hobgoblin and a rat (sleeping).

Vanquished Creatures
  An adder (D:2)
  A leopard gecko (D:2)
  3 goblins
  2 hobgoblins (D:1)
  7 kobolds
  A ball python (D:1)
  A bat (D:1)
  A frilled lizard (D:1)
  A rat (D:1)
18 creatures vanquished.

Notes
Turn   | Place    | Note
-------+----------+-------------------------------------------
     0 | D:1      | cklessthan3 the Naga Enchanter began the quest for the Orb.
     0 | D:1      | Reached XP level 1. HP: 15/15 MP: 3/3
   282 | D:1      | Reached XP level 2. HP: 14/22 MP: 5/5
   901 | D:2      | Reached XP level 3. HP: 24/28 MP: 4/6
   957 | D:2      | Slain by a worm

Action                   || total
-------------------------++-------
Melee: Dagger            ||    73
 Cast: Corona            ||    12
 Abil: Spit Poison       ||     1
Armor: Robe              ||     7
Dodge: Dodged            ||    47
